AoeStats
← 17_Neo_

Golden Pit

508144500Analyzed
1v1 RM · 11d ago on Sep 21, 2026· 37m 4s· 2 players
Game mode
Random Map
Map size
Tiny (2 player)
Population
200
Speed
Normal
Resources
Standard
Victory
Conquest
Starting age
Dark Age
Ending age
Imperial Age
RankedLock teamsTeams togetherTeam positionsShared explorationLock speedFull tech treeHidden civsTurbo modeCheats
Victory
Defeat
🇨🇴 Vikings · Colombia
1653
+22
🇵🇪 Georgians · Peru
1782
-22
Sliper
5:46 Loom
8:17 Feudal Age
10:06 Horse Collar
15:18 Wheelbarrow
20:13 Castle Age
18:55 Fletching
19:20 Double-Bit Axe
20:58 Bodkin Arrow
22:48 Husbandry
32:21 Gold Mining
32:40 Scale Barding Armor
39:20 Imperial Age
17_Neo_
8:36 Loom
11:21 Feudal Age
15:48 Castle Age
14:31 Double-Bit Axe
15:20 Horse Collar
17:24 Squires
18:10 Forging
20:16 Town Watch
24:23 Fletching
24:34 Padded Archer Armor
24:30 Elite Skirmisher
25:44 Bodkin Arrow
26:30 Arson
29:34 Leather Archer Armor
31:19 Ballistics
33:54 Scale Mail Armor
34:29 Iron Casting
33:47 Pikeman
35:28 Chain Mail Armor
Connection lost

Rejoining the realm…

Still unreachable

The connection could not be restored.

Session expired

The server has moved on; the page needs a fresh start.